 Dungeon Crawl Stone Soup version 0.32-a0-355-ged53ad6fd3 (webtiles) character file.

Game seed: 7803730329010986390

289 Eptagon the Trooper (level 6, 0/40 HPs)
             Began as a Gargoyle Monk on Feb 18, 2024.
             Slain by a gnoll
             ... wielding a +0 flail
              (5 damage)
             ... on level 4 of the Dungeon.
             The game lasted 00:03:02 (2414 turns).

Eptagon the Trooper (Gargoyle Monk)                 Turns: 2414, Time: 00:03:03

Health: 0/40       AC: 11    Str: 17    XL:     6   Next: 31%
Magic:  6/6        EV: 10    Int: 10    God:
Gold:   91         SH:  0    Dex: 12    Spells: 5/5 levels left

rFire   . . .        a - +0 hand axe
rCold   . . .        d - orb {light}
rNeg    + . .        m - +0 scale mail
rPois   ∞            (no helmet)
rElec   +            (no cloak)
rCorr   .            (no gloves)
SInv    +            (no boots)
Will    .....        (no amulet) Stlth
                     o - ring of flight
HPRegen 0.26/turn    p - ring of see invisible
MPRegen 0.10/turn

%: no passive effects
@: flying, glowing
A: sickness immunity, AC +4, negative energy resistance 1, electricity
resistance, torment resistance 1, petrification resistance
a: no special abilities


You were on level 4 of the Dungeon.
You visited 1 branch of the dungeon, and saw 4 of its levels.

You collected 91 gold pieces.

Inventory:

Hand Weapons
 a - a +0 hand axe (weapon)
Missiles
 w - a throwing net (quivered)
Armour
 d - an orb of light (worn)
 m - a +0 scale mail (worn)
Jewellery
 o - a ring of flight (left hand)
 p - a ring of see invisible (right hand)
 u - a ring of willpower
Scrolls
 b - 2 scrolls of fear {unknown}
 e - 2 scrolls of enchant armour {unknown}
 f - a scroll of poison {unknown}
 h - a scroll of teleportation {unknown}
 i - a scroll of immolation {unknown}
 j - 5 scrolls of identify {unknown}
 l - 2 scrolls of blinking {unknown}
 r - 2 scrolls of revelation {unknown}
 t - a scroll of butterflies {unknown}
 v - a scroll of torment {unknown}
Potions
 c - a potion of ambrosia
 g - a potion of curing {unknown}
 k - a potion of berserk rage {unknown}
 n - a potion of might {unknown}
 q - a potion of cancellation {unknown}
 s - a potion of magic {unknown}


   Skills:
 + Level 5.1 Fighting
 + Level 4.2 Axes
 + Level 3.5 Armour
 - Level 2.4 Dodging


You had 5 spell levels left.
You didn't know any spells.
Your spell library was empty.

Dungeon Overview and Level Annotations

Branches:
Dungeon (4/15)
 Temple: D:4-7

Altars:
Trog


Innate Abilities, Weirdness & Mutations

You are immune to sickness and miasma.
Your stone body is resilient. (AC +4)
You are immune to poison.
You resist negative energy. (rN+)
You are resistant to electric shocks. (rElec)
You are resistant to unholy torment.
You are immune to petrification.


Message History

You are too injured to fight recklessly!
You hit the gnoll.
The gnoll is severely wounded.
You hit the giant cockroach. You hit the gnoll but do no damage.
You hit the gnoll. The gnoll hits you but does no damage.
The gnoll hits you with a +0 club. The gnoll hits you with a +0 spear.
The giant cockroach bites you but does no damage.
The gnoll barely misses you. The gnoll hits you with a +0 flail!
The gnoll hits you with a +0 spear.
You hit the gnoll.
The gnoll is severely wounded.
You hit the giant cockroach.
You kill the giant cockroach!
You hit the gnoll. You hit the gnoll but do no damage.
The gnoll barely misses you. The gnoll hits you with a +0 club.
* * * LOW HITPOINT WARNING * * *
The gnoll hits you but does no damage.
You hit the gnoll.
The gnoll is almost dead.
You hit the rat but do no damage. You hit the gnoll but do no damage.
You hit the gnoll.
A giant cockroach comes into view.
The gnoll closely misses you. x2; The gnoll hits you but does no damage.
The rat bites you but does no damage.
You hit the gnoll.
You kill the gnoll!
You hit the gnoll. You hit the gnoll but do no damage.
You hit the rat but do no damage. The gnoll hits you but does no damage.
The gnoll barely misses you. The rat bites you but does no damage.
You hit the gnoll but do no damage.
The gnoll is heavily wounded.
You hit the rat.
You kill the rat!
You barely miss the rat. You barely miss the gnoll.
The gnoll hits you with a +0 club.
* * * LOW HITPOINT WARNING * * *
The rat bites you.
* * * LOW HITPOINT WARNING * * *
The gnoll hits you with a +0 flail.
You die...

..#.#.......#.#.#.#.
#.#.#.....#)#.#.#.#
##.#.....#.#.#.#.#.
#.#.#.....#.#.#.#.#
##.#.#'#.#.#.#.#.#.
#.#.#.#.#.#.#.#.#.#
##.#.#.#.#.#.#.#.#.
##r#.#.#.#.#.#.#.#.#
#rg@#.#.#.#.#.#.#.#.
#.g$+#.#.#.#.#.#.#.#
......# #.#.#.#.#.#.
####.... #.#.#.#.#
..#.. #.#.#. ...B...
..#. ........ #.
.....!.~~~


You could see 2 gnolls, a giant cockroach and 2 rats.

Vanquished Creatures
  A bombardier beetle (D:3)
  Jessica (D:3)
  4 gnolls (D:4)
  4 adders
  2 ribbon worms
  6 ball pythons
  11 endoplasms
  3 giant cockroaches
  7 goblins
  11 hobgoblins
  9 jackals
  2 quokkas
  A bat (D:2)
  15 frilled lizards
  4 kobolds
  7 rats
88 creatures vanquished.

Notes
Turn   | Place    | Note
-------+----------+-------------------------------------------
     0 | D:1      | Eptagon the Gargoyle Monk began the quest for the Orb.
     0 | D:1      | Reached XP level 1. HP: 14/14 MP: 1/1
    74 | D:1      | Reached XP level 2. HP: 19/19 MP: 2/2
   127 | D:1      | Reached skill level 1 in Armour
   372 | D:1      | Reached XP level 3. HP: 24/24 MP: 3/3
   726 | D:1      | Reached skill level 4 in Fighting
  1102 | D:2      | Reached XP level 4. HP: 29/29 MP: 4/4
  1672 | D:3      | Noticed Jessica
  1688 | D:3      | Killed Jessica
  1689 | D:3      | Reached XP level 5. HP: 26/34 MP: 5/5
  2185 | D:3      | Found a bloodstained altar of Trog.
  2198 | D:3      | Reached XP level 6. HP: 40/40 MP: 6/6
  2352 | D:4      | Reached skill level 5 in Fighting
  2414 | D:4      | Slain by a gnoll

Illustrated notes

Levels and vault maps discovered:
D:1:      wander_arrival_desolate, layout_loops_corners, dk_noncrumbling_4
D:2:      layout_loops_cross, minmay_lizard_pond
D:3:      layout_basic, lightli_temple_of_fire, uniq_jessica
D:4:      layout_basic, serial_shops, nicolae_shop_tiny_waterfront,
          portal_sewer_entry_a, minmay_mini_ossuary

Skill      XL: |  1  2  3  4  5  6 |
---------------+-------------------+-----
Armour         | 1 2 3 |  3.5
Axes           | 3 4 |  4.2
Fighting       | 4 5 |  5.1
Dodging        | |  2.4

Action                     |  1- 3 |  4- 6 || total
---------------------------+-------+-------++-------
  Melee: Hand axe          |    76 |   153 ||   229
 Armour: Robe              |    14 |       ||    14
         Ring mail         |     1 |       ||     1
         Scale mail        |    20 |   131 ||   151
  Dodge: Dodged            |    33 |    70 ||   103

Table legend: (Time is in decaauts)
 A = Elapsed time spent in this place.
 B = Non-inter-level travel time spent in this place.
 C = Inter-level travel time spent in this place.
 D = Time resting spent in this place.
 E = Time spent auto-exploring this place.
 F = Levels seen in this place.
 G = Mean time per level.
                   A        B        C        D        E       F      G
               +--------+--------+--------+--------+--------+-----+--------+
         Total |   2441 |   2357 |     84 |      0 |   1863 |   4 |  610.2 |
       Dungeon |   2441 |   2357 |     84 |      0 |   1863 |   4 |  610.2 |
               +--------+--------+--------+--------+--------+-----+--------+

Top non-repeatable levels by time:
     D:1: 1054 daAuts
     D:2: 633 daAuts
     D:3: 562 daAuts
     D:4: 191 daAuts
